 Dungeon Crawl Stone Soup version 0.30-a0-956-gcec3b41aec (webtiles) character file.

Game seed: 15101222555435470857

8 vishdafish the Conjurer (level 2, 19/19 HPs)
             Began as a Demonspawn Conjurer on Mar 30, 2023.
             Quit the game on level 1 of the Dungeon.
             The game lasted 00:00:27 (440 turns).

vishdafish the Conjurer (Demonspawn Conjurer)        Turns: 440, Time: 00:00:27

Health: 19/19      AC:  2    Str:  7    XL:     2   Next: 0%
Magic:  1/5        EV: 12    Int: 19    God:
Gold:   7          SH:  0    Dex: 11    Spells: 4/5 levels left

rFire   . . .      SeeInvis .    i - +0 dagger
rCold   . . .      Faith    .    (no shield)
rNeg    . . .      Spirit   .    a - +0 robe
rPois   .          Reflect  .    (no helmet)
rElec   .          Rampage  .    (no cloak)
rCorr   .                        (no gloves)
Will    .....                    (no boots)
Stlth   ++                       (no amulet)
HPRegen 0.23/turn                (no ring)
MPRegen 0.09/turn                (no ring)

@: no status effects
A: demonic guardian 1
a: no special abilities


You were on level 1 of the Dungeon.
You visited 1 branch of the dungeon, and saw 1 of its levels.

You collected 7 gold pieces.

Inventory:

Hand Weapons
 i - a +0 dagger (weapon)
Armour
 a - a +0 robe (worn)
Jewellery
 h - a ring of protection from fire
Scrolls
 c - a scroll of poison {unknown}
 d - a scroll of enchant armour {unknown}
 e - a scroll of noise {unknown}
 f - a scroll of teleportation {unknown}
Potions
 b - a potion of magic
 g - a potion of mutation {unknown}


   Skills:
 - Level 1.7 Dodging
 - Level 1.7 Stealth
 + Level 2.3 Spellcasting
 + Level 4.2 Conjurations


You had 4 spell levels left.
You knew the following spells:

 Your Spells              Type           Power      Damage    Failure   Level
a - Magic Dart            Conj           72%        1d6       3%          1

Your spell library contained the following spells:

 Spells                   Type           Power      Damage    Failure   Level
 Searing Ray              Conj           36%        2d5       4%          2
 Dazzling Flash           Conj/Hex       20%        N/A       21%         3
 Fulminant Prism          Conj/Hex       5%         3d7       56%         4
 Iskenderun's Mystic Bla  Conj/Tloc      10%        2d4       56%         4


Dungeon Overview and Level Annotations

Branches:
Dungeon (1/15)

Altars:


Innate Abilities, Weirdness & Mutations

A weak demonic guardian rushes to your aid.


Message History

You open the door.
There is an open door here.
A kobold comes into view. It is wielding a +0 whip.
A kobold is nearby!
A kobold is nearby!
The magic dart hits the kobold.
The kobold is moderately wounded.
The kobold shouts!
A ball python comes into view.
The magic dart hits the ball python.
You kill the ball python!
A rat comes into view.
The magic dart hits the kobold.
You kill the kobold!
You are out of magic!
A rat is nearby!
A ball python comes into view.
A frilled lizard comes into view.
The rat twitches its whiskers.
Found a war axe.
You see here a +0 dagger.
i - a +0 dagger
i - a +0 dagger (weapon)
The magic dart hits the rat.
You kill the rat!
You are out of magic!
The frilled lizard hisses angrily.
A frilled lizard is nearby!
The magic dart hits the frilled lizard.
You kill the frilled lizard!
You can't see any susceptible monsters within range! (Use Z to cast anyway.)
You can't see any susceptible monsters within range! (Use Z to cast anyway.)
A ball python is nearby!
The magic dart hits the ball python.
The ball python is moderately wounded.
The magic dart hits the ball python.
You kill the ball python!
You have reached level 2!
Your demonic ancestry asserts itself...
You feel the presence of a demonic guardian.
Are you sure you want to abandon this character and quit the game? (Confirm with "yes".)

###+#'#.#.## #.#...####.#
## #..##.#.## # #..## .#
###'#....#### ...### .#
#....#....##....)l .#
###..####......# .# #...##
#......# .###
#(...####.....#
...#######.....###.:...#
.#.........#.#..@......#
.###########..###.........
## ##.# ##.....#.. ...
#.....# . ..... #.....#
.............#
#########.....# #..)..#


There were no monsters in sight!

Vanquished Creatures
  An endoplasm (D:1)
  A quokka (D:1)
  2 ball pythons (D:1)
  2 frilled lizards (D:1)
  2 kobolds (D:1)
  2 rats (D:1)
10 creatures vanquished.

Notes
Turn   | Place    | Note
-------+----------+-------------------------------------------
     0 | D:1      | vishdafish the Demonspawn Conjurer began the quest for the
                  | Orb.
     0 | D:1      | Reached XP level 1. HP: 13/13 MP: 3/3
   440 | D:1      | Gained mutation: A weak demonic guardian rushes to your
                  | aid. [demonic ancestry]
   440 | D:1      | Reached XP level 2. HP: 19/19 MP: 1/5
   440 | D:1      | Quit the game

Illustrated notes

Levels and vault maps discovered:
D:1:      erik_arrival_triangle_small, layout_rooms, palyth_stone_intersect

Action                     || total
---------------------------++-------
   Cast: Magic Dart        ||    15
 Armour: Robe              ||     1

Table legend: (Time is in decaauts)
 A = Elapsed time spent in this place.
 B = Non-inter-level travel time spent in this place.
 C = Inter-level travel time spent in this place.
 D = Time resting spent in this place.
 E = Time spent auto-exploring this place.
 F = Levels seen in this place.
 G = Mean time per level.
                   A        B        C        D        E       F      G
               +--------+--------+--------+--------+--------+-----+--------+
         Total |    439 |    439 |      0 |      0 |    388 |   1 |  439.0 |
       Dungeon |    439 |    439 |      0 |      0 |    388 |   1 |  439.0 |
               +--------+--------+--------+--------+--------+-----+--------+

Top non-repeatable levels by time:
     D:1: 439 daAuts
